 Dungeon Crawl Stone Soup version 0.27-a0-1071-ga85bd9520d (console) character file.

Game seed: 12059160416783727987

4 nht the Digger (level 1, 2/13 HPs)
             Began as a Demonspawn Earth Elementalist on Apr 24, 2021.
             Got out of the dungeon alive.
             The game lasted 00:00:24 (47 turns).

nht the Digger (Demonspawn Earth Elementalist)        Turns: 47, Time: 00:00:25

Health: 2/13       AC:  2    Str:  8    XL:     1   Next: 50%
Magic:  1/3        EV: 12    Int: 16    God:
Gold:   0          SH:  0    Dex: 13    Spells: 3/4 levels left

rFire    . . .     SeeInvis .   (no weapon)
rCold    . . .     Faith    .   (no shield)
rNeg     . . .     Spirit   .   c - +0 robe
rPois    .         Reflect  .   (no helmet)
rElec    .         Harm     .   (no cloak)
rCorr    .         Rampage  .   (no gloves)
Will     .....                  (no boots)
Stlth    ++........             (no amulet)
HPRegen  0.04/turn              (no ring)
MPRegen  0.08/turn              (no ring)

@: no status effects
A: no striking features
a: no special abilities


You escaped.
You visited 1 branch of the dungeon, and saw 1 of its levels.

Inventory:

Missiles
 b - 42 stones
Armour
 c - a +0 robe (worn)


   Skills:
 - Level 1.7 Dodging
 - Level 1.7 Stealth
 - Level 2.0 Spellcasting
 - Level 0.8 Transmutations
 + Level 3.0 Earth Magic


You had 3 spell levels left.
You knew the following spells:

 Your Spells              Type           Power      Damage    Failure   Level
a - Sandblast             Erth           22%        2d7       6%          1

Your spell library contained the following spells:

 Spells                   Type           Power      Damage    Failure   Level
 Passwall                 Tmut/Erth      5%         N/A       14%         2
 Stone Arrow              Conj/Erth      12%        3d7       32%         3
 Petrify                  Tmut/Erth      7%         N/A       67%         4
 Lee's Rapid Deconstruct  Erth           5%         3d7*      86%         5


Dungeon Overview and Level Annotations

Branches:
Dungeon (1/15)

Altars:


Message History

Found 19 sling bullets.
A goblin comes into view. It is wielding a +0 club.
A goblin is nearby!
A kobold comes into view. It is wielding a +0 club.
The kobold shouts!
A dart slug comes into view.
Found a stone staircase leading down.
A ball python comes into view.
The blast of sand hits the goblin.
You kill the goblin!
The ball python hisses angrily.
A frilled lizard comes into view.
You can't see any susceptible monsters within range! (Use Z to cast anyway.)
A frilled lizard comes into view.
The blast of sand hits the kobold.
The kobold is severely wounded.
The frilled lizard hisses angrily.
The blast of sand hits the kobold.
You kill the kobold!
You aren't carrying any potions.
You aren't carrying any scrolls.
The frilled lizard unfolds its giant frill.
The ball python barely misses you. The ball python misses you.
The blast of sand hits the ball python!
You kill the ball python!
Your Earth Magic skill increases to level 3!
A kobold comes into view. It is wielding a +0 club.
The kobold shouts!
The kobold throws a stone.
The stone hits you. The dart slug launches a dart at you.
The slug dart hits you. The dart slug launches a dart at you.
The slug dart hits you.
The kobold throws a stone.
The stone completely misses you.
The kobold throws a stone.
The stone hits you but does no damage.
The kobold throws a stone.
The stone hits you.
* * * LOW HITPOINT WARNING * * *
There is a staircase leading out of the dungeon here.
Are you sure you want to leave the Dungeon?
This will make you lose the game!
You have escaped!

█.......███ █.█
████.█....███.█ █
████...█.█ █.██
███...████████
...█████.l..(....█ ...█
██.█████...
█████████.████.██
...........lK...██ .█
..██...@..w██....███..█
............l........█
████████████████..██....
♣P♣PPPP.PP.PP.█.██ 8.
..PP♣P♣.P♣..♣..███
P.♣P.P..P.♣.♣PP█ .
P.P..P..PP. .█
.....♣PPP.P.PP█
....PP♣.PP....█


You could see a dart slug, a kobold and 2 frilled lizards.

Vanquished Creatures
  A ball python (D:1)
  A goblin (D:1)
  A kobold (D:1)
3 creatures vanquished.

Notes
Turn   | Place    | Note
-------+----------+-------------------------------------------
     0 | D:1      | nht the Demonspawn Earth Elementalist began the quest for
                  | the Orb.
     0 | D:1      | Reached XP level 1. HP: 13/13 MP: 3/3
    34 | D:1      | Reached skill level 3 in Earth Magic
    47 | D:$      | Got out of the dungeon alive.

Illustrated notes

Levels and vault maps discovered:
D:1:      minmay_arrival_arboretum_small, layout_rooms,
          ebering_ecumenical_altar_ruins, st_stairs_5

Skill      XL: |  1 |
---------------+----+-----
Earth Magic    | 3 |  3.0
Dodging        | |  1.7
Stealth        | |  1.7
Spellcasting   | |  2.0
Transmutations | |  0.8

Action                   || total
-------------------------++-------
 Cast: Sandblast         ||     4
Armor: Robe              ||     1
Dodge: Dodged            ||     3

Table legend: (Time is in decaauts)
 A = Elapsed time spent in this place.
 B = Non-inter-level travel time spent in this place.
 C = Inter-level travel time spent in this place.
 D = Time resting spent in this place.
 E = Time spent auto-exploring this place.
 F = Levels seen in this place.
 G = Mean time per level.
                   A        B        C        D        E       F      G
               +--------+--------+--------+--------+--------+-----+--------+
         Total |     47 |     47 |      0 |      0 |     17 |   1 |   47.0 |
       Dungeon |     47 |     47 |      0 |      0 |     17 |   1 |   47.0 |
               +--------+--------+--------+--------+--------+-----+--------+

Top non-repeatable levels by time:
     D:1: 47 daAuts
